 Dungeon Crawl Stone Soup version 0.23.2-1-ga50397a6bc (webtiles) character file.

Game seed: 18106418047475298006

608 Mrkan the Ruffian (level 7, -7/62 HPs)
             Began as a Troll Hunter on May 22, 2019.
             Was a Follower of Okawaru.
             Killed by divine providence
             ... invoked by an orc priest
              (13 damage)
             ... on level 5 of the Dungeon.
             The game lasted 00:07:07 (4045 turns).

Mrkan the Ruffian (Troll Hunter)                    Turns: 4045, Time: 00:07:07

Health: -7/62      AC:  6    Str: 21    XL:     7   Next: 19%
Magic:  3/6        EV: 10    Int:  7    God:    Okawaru [*.....]
Gold:   261        SH:  0    Dex: 12    Spells: 6/6 levels left

rFire    . . .     SeeInvis +   A - +11 rapier of Wolos {venom, SInv}
rCold    . . .     Gourm    +   (no shield)
rNeg     . . .     Faith    .   b - +0 robe
rPois    .         Spirit   .   (helmet restricted)
rElec    .         Reflect  .   u - scarf {repulsion}
rCorr    .         Harm     .   (gloves unavailable)
MR       .....                  (boots unavailable)
Stlth    +.........             (no amulet)
HPRegen  0.60/turn              (no ring)
MPRegen  0.10/turn              (no ring)

@: repel missiles
A: large, unfitting armour, claws 3, fast metabolism 3, gourmand, regeneration
1, shaggy fur 1, tough skin 3
a: Heroism, Renounce Religion


You were on level 5 of the Dungeon.
You worshipped Okawaru.
Okawaru was aware of your devotion.
You were full.

You visited 1 branch of the dungeon, and saw 5 of its levels.

You collected 261 gold pieces.

Inventory:

Hand Weapons
 A - the +11 rapier of Wolos (weapon) {venom, SInv}
   (You found it on level 5 of the Dungeon)

   It poisons the flesh of those it strikes.
   It lets you see invisible.
Missiles
 c - 5 large rocks (quivered)
 d - 2 throwing nets
 o - 134 stones
Armour
 b - a +0 robe (worn)
 p - a +0 cloak
 u - a scarf of repulsion (worn)
Jewellery
 h - a cursed ring of attention {unknown}
 q - a +2 ring of intelligence {unknown}
 w - an uncursed ring of see invisible {unknown}
 x - a +3 ring of evasion {unknown}
Wands
 v - a wand of disintegration (10)
Scrolls
 e - 2 scrolls of identify
 i - a scroll of immolation {unknown}
 l - 3 scrolls of remove curse {unknown}
 n - a scroll of noise {unknown}
 r - 5 scrolls of teleportation {unknown}
 y - a scroll of fog {unknown}
Potions
 a - a potion of lignification {unknown}
 g - 3 potions of mutation {unknown}
 j - a potion of might {unknown}
 k - a potion of invisibility {unknown}
 m - 2 potions of curing {unknown}
 s - 3 potions of degeneration {unknown}
 t - 2 potions of haste {unknown}
 z - a potion of agility {unknown}
Comestibles
 f - 12 rations


   Skills:
 - Level 1.5 Fighting
 * Level 4.3 Throwing
 - Level 1.5 Dodging
 - Level 0.3 Stealth
 - Level 7.2 Unarmed Combat


You had 6 spell levels left.
You didn't know any spells.
Your spell library contained the following spells:

 Spells                   Type           Power        Failure   Level  Hunger
 Animate Skeleton         Necr           N/A          43%         1    ##.....
 Apportation              Tloc           #.....       43%         1    ##.....
 Confusing Touch          Hex            #.....       43%         1    ##.....
 Summon Small Mammal      Summ           #...         43%         1    ##.....


Dungeon Overview and Level Annotations

Branches:
Dungeon (5/15)
 Temple: D:4-7

Altars:
Okawaru
Qazlal
Ru
Xom
Yredelemnul


Innate Abilities, Weirdness & Mutations

You are too large for most types of armour.
You have claws for hands.
Your metabolism is lightning-fast.
You like to eat raw meat.
Your natural rate of healing is unusually fast.
You are covered in fur. (AC +1)
You have extremely tough skin. (AC +3)


Message History

You closely miss the orc priest. The orc priest hits you with a +0 club.
* * * LOW HITPOINT WARNING * * *
The orc hits you.
* * * LOW HITPOINT WARNING * * *
You hit the orc priest.
The orc priest is moderately wounded.
The orc priest hits you with a +0 club.
* * * LOW HITPOINT WARNING * * *
The orc barely misses you.
You closely miss the orc priest.
The orc priest is moderately wounded.
The orc priest barely misses you. The orc hits you but does no damage.
You hit the orc priest.
The orc priest is poisoned.
The orc priest is severely wounded.
The orc closely misses you. The orc priest hits you with a +0 club.
* * * LOW HITPOINT WARNING * * *
The orc closely misses you.
The orc priest calls down the wrath of Beogh upon you.
Beogh smites you!
You die...

##...## #..........## #.###.##
##.....## #...........# #.# ###
#.......####.#.##.#†#.# #.##.##
..÷......###....#.#.#.###.#...###
.........+.......................
.........##.....###.#.###.#...###
#....<..####.#..# #.#.# #.##.##
##.....## #.#..###.#.# #.# ##
###)..## #..o.@.....# #.# # ##+##
####o####### #.# # #.# #.# # #.#
#.# # #)# # #)# #)# #.# ..#


You could see an orc priest and an orc.

Vanquished Creatures
  A scorpion (D:4)
  2 howler monkeys
  A gnoll shaman (D:5)
  A centaur skeleton (D:4)
  A jelly (D:4)
  2 orc wizards (D:4)
  5 worker ants
  4 adders
  9 gnolls
  An ooze (D:4)
  A worm (D:2)
  2 dart slugs (D:1)
  2 leopard geckos
  12 orcs
  2 giant cockroaches (D:1)
  7 goblins
  5 hobgoblins
  3 jackals (D:1)
  A quokka (D:2)
  3 ball pythons
  A ball python skeleton (D:4)
  4 bats
  7 frilled lizards
  A jackal skeleton (D:4)
  10 kobolds
  8 rats
96 creatures vanquished.

Notes
Turn   | Place    | Note
-------+----------+-------------------------------------------
     0 | D:1      | Mrkan the Troll Hunter began the quest for the Orb.
     0 | D:1      | Reached XP level 1. HP: 19/19 MP: 0/0
    47 | D:1      | Reached skill level 1 in Unarmed Combat
    64 | D:1      | Reached XP level 2. HP: 25/27 MP: 1/1
   229 | D:1      | Reached skill level 2 in Unarmed Combat
   455 | D:1      | Reached XP level 3. HP: 32/33 MP: 2/2
   886 | D:1      | Reached skill level 3 in Unarmed Combat
  1415 | D:2      | Found a basalt altar of Yredelemnul.
  1591 | D:2      | Found a stormy altar of Qazlal.
  2212 | D:3      | Reached XP level 4. HP: 41/41 MP: 3/3
  2296 | D:3      | Reached skill level 4 in Unarmed Combat
  2340 | D:3      | Found an iron altar of Okawaru.
  2349 | D:3      | Became a worshipper of Warmaster Okawaru
  2354 | D:3      | You fall through a shaft for 2 floors!
  2354 | D:5      | Entered Level 5 of the Dungeon
  2381 | D:5      | Reached XP level 5. HP: 18/48 MP: 4/4
  2602 | D:4      | Reached skill level 5 in Unarmed Combat
  2690 | D:4      | Found a sacrificial altar of Ru.
  3337 | D:4      | Found a shimmering altar of Xom.
  3368 | D:4      | Reached skill level 6 in Unarmed Combat
  3368 | D:4      | Reached XP level 6. HP: 53/55 MP: 5/5
  3526 | D:4      | Reached * piety under Okawaru
  3558 | D:4      | Reached skill level 7 in Unarmed Combat
  3882 | D:5      | Got a translucent rapier
  3887 | D:5      | Identified the +11 rapier of Wolos {venom, SInv} (You found
                  | it on level 5 of the Dungeon)
  3982 | D:5      | Reached XP level 7. HP: 62/62 MP: 6/6
  4045 | D:5      | Killed from afar by an orc priest

Skill      XL: |  1  2  3  4  5  6  7 |
---------------+----------------------+-----
Unarmed Combat | 1 2 3 4 6 7 |  7.2
Throwing       | 4 |  4.3
Fighting       | |  1.5
Dodging        | |  1.5
Stealth        | |  0.3

Action                   |  1- 3 |  4- 6 |  7- 9 || total
-------------------------+-------+-------+-------++-------
Melee: Unarmed           |   162 |   116 |       ||   278
       Punch             |       |     1 |       ||     1
       Rapier            |       |     2 |    24 ||    26
  Use: Scroll            |       |     1 |       ||     1
 Stab: Sleeping          |     1 |     1 |       ||     2
  Eat: Chunk             |    14 |    21 |       ||    35
       Ration            |     1 |       |       ||     1
Armor: Robe              |    80 |    21 |     4 ||   105
Dodge: Dodged            |   103 |    51 |    16 ||   170
